 Dungeon Crawl Stone Soup version 0.22-a0-601-gb0ed703 (webtiles) character file.

1185 sking99 the Ruffian (level 8, -5/71 HPs)
             Began as a Ghoul Monk on July 6, 2018.
             Was a Believer of Kikubaaqudgha.
             Slain by a two-headed ogre
             ... wielding a +0 giant club
              (11 damage)
             ... on level 6 of the Dungeon.
             The game lasted 00:13:48 (6475 turns).

sking99 the Ruffian (Ghoul Monk)                    Turns: 6475, Time: 00:13:49

Health: -5/71      AC:  6    Str: 15    XL:     8   Next: 42%
Magic:  4/9        EV: 12    Int:  7    God:    Kikubaaqudgha [**....]
Gold:   318        SH:  0    Dex: 11    Spells: 5/10 levels left

rFire    . . .     SeeInvis .     - Unarmed
rCold    + . .     Gourm    .   (no shield)
rNeg     + + +     Faith    .   v - +1 leather armour of Brilliance {rElec MR+}
rPois    ∞         Spirit   .   (no helmet)
rElec    +         Reflect  .   g - +1 cloak
rCorr    .         Harm     .   (no gloves)
MR       +....                  (no boots)
Stlth    ++........             (no amulet)
HPRegen  0.00/turn              (no ring)
MPRegen  0.11/turn              (no ring)

@: rotting, hasted, very quick
A: rotting body, claws 1, carnivore, cold resistance 1, negative energy
resistance 3, inhibited regeneration, torment resistance, unbreathing
a: Receive Corpses, Renounce Religion


You were on level 6 of the Dungeon.
You worshipped Kikubaaqudgha.
Kikubaaqudgha was pleased with you.
You were not hungry.

You visited 2 branches of the dungeon, and saw 7 of its levels.
You also visited: Sewer.

You collected 318 gold pieces.

Inventory:

Armour
 a - a +1 robe
 g - a +1 cloak (worn)
 k - a +0 shield
 r - a scarf of cloud immunity
 v - the +1 leather armour of Brilliance (worn) {rElec MR+}
   (You found it on level 6 of the Dungeon)

   It insulates you from electricity.
   It affects your resistance to hostile enchantments.
Jewellery
 i - an uncursed ring of poison resistance {unknown}
 j - an uncursed ring of protection from cold {unknown}
 l - an uncursed ring of protection from fire {unknown}
 w - a +5 ring of evasion {unknown}
Wands
 h - a wand of polymorph (16)
Scrolls
 d - 5 scrolls of teleportation
 e - 4 scrolls of identify
 f - 3 scrolls of remove curse
 p - a scroll of magic mapping
 q - a scroll of immolation
 u - a scroll of enchant armour
Potions
 c - 4 potions of flight
 m - 3 potions of haste
 n - 3 potions of heal wounds {unknown}
 o - a potion of brilliance
 s - a potion of lignification {unknown}
Comestibles
 b - 9 rations
 t - 3 chunks of flesh


   Skills:
 + Level 6.5 Fighting
 - Level 2.6 Dodging
 - Level 2.1 Stealth
 - Level 7.7 Unarmed Combat
 + Level 1.9 Spellcasting
 + Level 2.1 Charms
 * Level 3.5 Necromancy


You had 5 spell levels left.
You knew the following spells:

 Your Spells              Type           Power        Failure   Level  Hunger
a - Pain                  Necr           #...         11%         1    ##.....
b - Animate Skeleton      Necr           N/A          11%         1    ##.....
c - Regeneration          Chrm/Necr      #.........   41%         3    ####...

Your spell library contained the following spells:

 Spells                   Type           Power        Failure   Level  Hunger
 Corpse Rot               Necr           N/A          17%         2    ###....
 Spider Form              Tmut/Pois      #.........   82%         3    ####...
 Blade Hands              Tmut           #.........   100%        5    ######.
 Ice Form                 Ice/Tmut       #.......     99%         4    #####..
 Sticks to Snakes         Tmut           #.......     58%         2    ###....
 Beastly Appendage        Tmut           #.....       43%         1    ##.....


Dungeon Overview and Level Annotations

Branches:
Dungeon (6/15)             Temple (1/1) D:5

Altars:
Ashenzari
Cheibriados
Dithmenos
Elyvilon
Fedhas
Gozag
Hepliaklqana
Kikubaaqudgha
Makhleb
Nemelex Xobeh
Okawaru
Qazlal
Ru
Sif Muna
Trog
Uskayaw
Vehumet
Wu Jian
Xom
Yredelemnul
Zin
The Shining One

Shops:
D:5 }


Innate Abilities, Weirdness & Mutations

Your body is rotting away.
You thrive on raw meat.
You are immune to poison.
You have sharp fingernails.
You are carnivorous and can eat meat at any time.
Your flesh is cold resistant. (rC+)
You are immune to negative energy. (rN+++)
You do not regenerate when monsters are visible.
You are immune to unholy pain and torment.
You can survive without breathing.


Message History

t - 3 chunks of flesh (gained 2)
Your adder skeleton barely misses the two-headed ogre.
You see here a chunk of flesh.
t - 4 chunks of flesh (gained 1)
The two-headed ogre barely misses you.
The two-headed ogre hits you with a giant spiked club!!
* * * LOW HITPOINT WARNING * * *
Your adder skeleton completely misses the two-headed ogre.
Eat one of 4 chunks of flesh? (ye/n/q)
You eat one of the 4 chunks of flesh.
This raw flesh tastes great!
Your magical contamination has completely faded away.
Your adder skeleton bites the two-headed ogre.
Your adder skeleton bites the two-headed ogre but does no damage.
You see here a worker ant corpse.
You feel yourself speed up.
The two-headed ogre hits you with a giant club!
* * * LOW HITPOINT WARNING * * *
The two-headed ogre hits you with a giant spiked club!
You die...
Kikubaaqudgha rasps: "You have failed me!
Welcome... oblivion!"

#######.#.# #.......#.#
#####.#######.# ###########
#.<....#......# #.........#
#.###..#.######### #.#######.#
#.# ####.# #.. #.# #.# #.# #.#
#.# #.# #.# #.# #.# #.# #.#.
#.#####@######.# #.#
#.#..####.##...O.....#.# #.#
#<#........#.##Z####.#.# #>#
#.#..##.####.##.#....#.# ####..
###.....####.##.##.#.#.####....#
#.###......##......#..........
#......##......######....#
#......#.......# #...)#
#.O....#......## ######


You could see a two-headed ogre and a friendly adder skeleton.

Vanquished Creatures
  Eustachio (D:5)
  An ogre (D:6)
  A centaur (D:6)
  A big kobold (Sewer)
  A bullfrog (D:6)
  A scorpion (D:4)
  A water moccasin skeleton (D:5)
  A crimson imp (D:5)
  A centaur zombie (D:6)
  A hound (D:4)
  4 orc wizards
  A bullfrog skeleton (D:4)
  Ijyb (D:5)
  5 worker ants (D:4)
  2 hound skeletons (D:5)
  A worker ant zombie (D:3)
  2 adders
  A howler monkey skeleton (D:4)
  A shadow imp (D:6)
  An ooze (D:4)
  3 adder skeletons
  A worm (D:4)
  5 dart slugs
  3 leopard geckos
  21 orcs
  10 giant cockroaches
  5 goblins
  10 hobgoblins
  7 jackals
  A quokka (D:3)
  2 ball pythons
  6 bats
  5 frilled lizards
  11 kobolds
  2 quokka skeletons (D:3)
  A quokka zombie (D:6)
  11 rats
133 creatures vanquished.

Vanquished Creatures (collateral kills)
  An orc wizard (D:6)
  An iguana (D:6)
  2 adders (D:6)
  2 orcs (D:6)
6 creatures vanquished.

Grand Total: 139 creatures vanquished

Notes
Turn   | Place    | Note
-------+----------+-------------------------------------------
     0 | D:1      | sking99 the Ghoul Monk began the quest for the Orb.
     0 | D:1      | Reached XP level 1. HP: 19/19 MP: 0/0
   241 | D:1      | Reached XP level 2. HP: 19/26 MP: 1/1
   554 | D:1      | Reached skill level 4 in Unarmed Combat
   757 | D:1      | Reached XP level 3. HP: 21/33 MP: 2/2
  1157 | D:2      | Found a burning altar of Makhleb.
  1631 | D:3      | Reached XP level 4. HP: 23/40 MP: 3/3
  2004 | D:3      | Reached skill level 5 in Unarmed Combat
  2012 | D:3      | Found a sparkling altar of Nemelex Xobeh.
  2013 | D:3      | Found a bloodstained altar of Trog.
  2015 | D:3      | Found a blossoming altar of Fedhas.
  2095 | D:3      | Reached XP level 5. HP: 17/47 MP: 4/4
  2742 | D:3      | Found a hazy altar of Hepliaklqana.
  2909 | D:4      | Found an ornate altar of the Wu Jian Council.
  3001 | D:4      | Reached skill level 6 in Unarmed Combat
  3323 | D:4      | Reached XP level 6. HP: 48/55 MP: 5/5
  3367 | D:4      | Reached skill level 5 in Fighting
  3729 | D:4      | Reached skill level 7 in Unarmed Combat
  3851 | D:4      | Reached XP level 7. HP: 61/61 MP: 6/6
  4146 | D:5      | Entered Level 5 of the Dungeon
  4192 | D:5      | Found Voniosh's Gadget Shop.
  4259 | D:5      | Noticed Ijyb
  4271 | D:5      | Killed Ijyb
  4757 | D:5      | Found a staircase to the Ecumenical Temple.
  4766 | Temple   | Entered the Ecumenical Temple
  4773 | Temple   | Became a worshipper of Kikubaaqudgha
  4773 | Temple   | Reached * piety under Kikubaaqudgha
  4773 | Temple   | Identified Kikubaaqudgha's Almanac of Black Rituals (Kikubaaqudgha gifted it to you in the Ecumenical Temple)
  4773 | Temple   | Received a gift from Kikubaaqudgha
  4773 | Temple   | Reached ** piety under Kikubaaqudgha
  4779 | Temple   | Learned a level 1 spell: Animate Skeleton
  4781 | Temple   | Learned a level 1 spell: Pain
  4785 | Temple   | Learned a level 3 spell: Regeneration
  4940 | D:5      | Noticed Eustachio
  4956 | D:5      | Killed Eustachio
  4956 | D:5      | Reached skill level 1 in Necromancy
  5423 | D:6      | Reached skill level 1 in Charms
  5528 | D:6      | Reached skill level 1 in Spellcasting
  5528 | D:6      | Reached XP level 8. HP: 66/70 MP: 1/8
  5951 | D:6      | Got a steaming leather armour
  5971 | D:6      | Found a glowing drain.
  6074 | Sewer    | Entered a sewer
  6179 | Sewer    | Found a white marble altar of Elyvilon.
  6279 | D:6      | Identified the +1 leather armour of Brilliance {rElec MR+} (You found it on level 6 of the Dungeon)
  6341 | D:6      | Noticed a two-headed ogre
  6475 | D:6      | Slain by a two-headed ogre

Vault maps used:
D:1:      lemuel_arrival_rhombus
D:2:      bloody_makhleb, first_ration
D:3:      minitemple, nicolae_overflow_hidden_temple, serial_undead,
          serial_undead_c, serial_undead_f, serial_undead_a, serial_undead_b
D:4:      lemuel_crystal_altar
D:5:      temple_statues, serial_shops, nicolae_shop_trees, uniq_eustachio,
          uniq_ijyb
D:6:      cheibrodos_sewer_entry_sluice
Temple:   eino_temple_rhombus
Sewer:    sewer_kobolds

Skill      XL: |  1  2  3  4  5  6  7  8 |
---------------+-------------------------+-----
Unarmed Combat | 4 5 6 7 |  7.7
Fighting       | 4 5 6 |  6.5
Necromancy     | 2 3 |  3.5
Charms         | 1 2 |  2.1
Spellcasting   | 1 |  1.9
Dodging        | |  2.6
Stealth        | |  2.1

Action                   |  1- 3 |  4- 6 |  7- 9 || total
-------------------------+-------+-------+-------++-------
Melee: Unarmed           |   125 |   196 |   132 ||   453
       Punch             |     1 |     3 |     3 ||     7
 Cast: Pain              |       |       |    32 ||    32
       Animate Skeleton  |       |       |    13 ||    13
Invok: Receive Corpses   |       |       |     2 ||     2
  Use: Scroll            |       |    10 |       ||    10
       Potion            |       |       |     1 ||     1
 Stab: Sleeping          |     6 |     5 |     1 ||    12
       Distracted        |       |       |     1 ||     1
  Eat: Chunk             |     7 |    20 |    15 ||    42
Armor: Robe              |    26 |    25 |    36 ||    87
Dodge: Dodged            |    75 |   111 |   120 ||   306

Table legend:
 A = Spawn XP
 B = Non-spawn XP
 C = Spawn XP percentage of total XP
 D = Spawn monster count
 E = Non-spawn monster count
 F = Spawn count percentage of total count
 G = Total turns spent on level
                    A         B        C        D         E        F      G
               +---------+---------+-------+---------+---------+-------+---------
         Total |       0 |    1693 |   0.0 |       0 |     139 |   0.0 |  6475
               +---------+---------+-------+---------+---------+-------+---------
           D:1 |       0 |      41 |   0.0 |       0 |      21 |   0.0 |  1143
           D:2 |       0 |      37 |   0.0 |       0 |      16 |   0.0 |   711
           D:3 |       0 |     145 |   0.0 |       0 |      37 |   0.0 |   947
           D:4 |       0 |     422 |   0.0 |       0 |      24 |   0.0 |  1345
           D:5 |       0 |     407 |   0.0 |       0 |      13 |   0.0 |  1315
           D:6 |       0 |     531 |   0.0 |       0 |      19 |   0.0 |   659
         Sewer |       0 |     110 |   0.0 |       0 |       9 |   0.0 |   185
               +---------+---------+-------+---------+---------+-------+---------
